 Dungeon Crawl Stone Soup version 0.28-a0-268-g3f656e82c2 (webtiles) character file.

Game seed: 13591453572049741282

49 dolemite99 the Slasher (level 3, 0/27 HPs)
             Began as a Demonspawn Gladiator on Aug 28, 2021.
             Succumbed to an adder's poison
             ... on level 2 of the Dungeon.
             The game lasted 00:02:12 (1927 turns).

dolemite99 the Slasher (Demonspawn Gladiator)       Turns: 1927, Time: 00:02:12

Health: 0/27       AC:  4    Str: 15    XL:     3   Next: 53%
Magic:  3/3        EV: 12    Int:  9    God:
Gold:   91         SH:  0    Dex: 14    Spells: 2/2 levels left

rFire   . . .      SeeInvis .   a - +0 long sword
rCold   . . .      Faith    .   (no shield)
rNeg    . . .      Spirit   .   b - +0 leather armour
rPois   .          Reflect  .   c - +0 helmet
rElec   .          Harm     .   (no cloak)
rCorr   .          Rampage  .   (no gloves)
Will    .....                   (no boots)
Stlth   +.........              (no amulet)
HPRegen 0.09/turn               (no ring)
MPRegen 0.08/turn               (no ring)

@: lethally poisoned (0 -> -5)
A: demonic magic 1
a: no special abilities


You were on level 2 of the Dungeon.
You visited 1 branch of the dungeon, and saw 2 of its levels.

You collected 91 gold pieces.

Inventory:

Hand Weapons
 a - a +0 long sword (weapon)
 d - a +1 vorpal triple sword
Missiles
 e - 9 poisoned darts (quivered)
 h - 14 sling bullets
 i - 26 arrows
 j - 27 stones
Armour
 b - a +0 leather armour (worn)
 c - a +0 helmet (worn)
Scrolls
 f - a scroll of teleportation {unknown}
 g - a scroll of identify {unknown}


   Skills:
 - Level 2.0 Fighting
 + Level 4.2 Long Blades
 - Level 1.7 Throwing
 - Level 2.6 Dodging


You had 2 spell levels left.
You didn't know any spells.
Your spell library was empty.

Dungeon Overview and Level Annotations

Branches:
Dungeon (2/15)

Altars:

Shops:
D:1 =

Annotations:
D:2 Sigmund


Innate Abilities, Weirdness & Mutations

Spells you cast may paralyse adjacent enemies.


Message History

There is a stone staircase leading up here.
The adder bites you. The bat misses you. The bat closely misses you.
The adder bites you.
You are poisoned.
The adder poisons you!
You feel sick. The bat hits you but does no damage.
The adder closely misses you.
You barely miss the adder.
You feel sick. The adder bites you. The bat misses you.
The adder closely misses you.
You closely miss the adder.
You feel sick. The bat closely misses you. The adder barely misses you.
The bat hits you but does no damage.
You hit the adder.
The adder is moderately wounded.
You feel sick.
You are no longer poisoned.
The bat misses you. The bat hits you but does no damage. The adder bites you.
You are poisoned.
The adder poisons you! The adder closely misses you.
You barely miss the adder.
The adder is moderately wounded.
You feel sick. The bat closely misses you. The adder bites you.
* * * LOW HITPOINT WARNING * * *
You are lethally poisoned!
The adder poisons you!
You aren't carrying any potions.
Unknown command.
You barely miss the adder.
The adder is moderately wounded.
* * * LOW HITPOINT WARNING * * *
You feel sick. The bat barely misses you.
The adder bites you but does no damage. The adder closely misses you.
You barely miss the adder.
The adder is moderately wounded.
* * * LOW HITPOINT WARNING * * *
You feel sick.
The bat barely misses you. x2; The adder closely misses you.
The bat barely misses you.
You miss the adder.
The adder is lightly wounded.
You die...

### ###..#######
#..........### #.#
##...############
..#######.......#........
..#).)....##.##.@........
...<......##....Sb.......
...†......######.........
..........# #.........
..........# #.........
..........# ###.........
..........# #...........
.........#####.##........
........##......†....####


You could see an adder and a bat.

Vanquished Creatures
  An adder (D:2)
  7 endoplasms (D:1)
  2 giant cockroaches (D:1)
  6 goblins
  4 hobgoblins (D:1)
  4 ball pythons
  3 bats (D:1)
  3 frilled lizards
  3 kobolds (D:1)
  5 rats
38 creatures vanquished.

Notes
Turn   | Place    | Note
-------+----------+-------------------------------------------
     0 | D:1      | dolemite99 the Demonspawn Gladiator began the quest for the
                  | Orb.
     0 | D:1      | Reached XP level 1. HP: 16/16 MP: 1/1
   136 | D:1      | Reached skill level 3 in Long Blades
   459 | D:1      | Gained mutation: Spells you cast may paralyse adjacent
                  | enemies. [demonic ancestry]
   459 | D:1      | Reached XP level 2. HP: 21/22 MP: 2/2
   509 | D:1      | Found Yled's Jewellery Boutique.
   941 | D:1      | Reached XP level 3. HP: 26/27 MP: 3/3
  1249 | D:2      | Noticed Sigmund
  1739 | D:2      | Reached skill level 4 in Long Blades
  1927 | D:2      | Succumbed to an adder's poison

Illustrated notes

Levels and vault maps discovered:
D:1:      roderic_octagonal_star, layout_rooms, serial_shops, shop,
          serial_curves, eino_curves_03, eino_curves_03
D:2:      layout_rooms, serial_shops, shop, nrook_campfire,
          kennysheep_flooded_box, uniq_sigmund

Skill      XL: |  1  2  3 |
---------------+----------+-----
Long Blades    | 3 4 |  4.2
Fighting       | |  2.0
Throwing       | |  1.7
Dodging        | |  2.6

Action                   || total
-------------------------++-------
Melee: Long sword        ||   123
Throw: Dart              ||     4
       Throwing net      ||     3
 Stab: Held in net/web   ||     2
Armor: Leather armour    ||    58
Dodge: Dodged            ||   125

Table legend: (Time is in decaauts)
 A = Elapsed time spent in this place.
 B = Non-inter-level travel time spent in this place.
 C = Inter-level travel time spent in this place.
 D = Time resting spent in this place.
 E = Time spent auto-exploring this place.
 F = Levels seen in this place.
 G = Mean time per level.
                   A        B        C        D        E       F      G
               +--------+--------+--------+--------+--------+-----+--------+
         Total |   1955 |   1913 |     42 |    693 |    777 |   2 |  977.5 |
       Dungeon |   1955 |   1913 |     42 |    693 |    777 |   2 |  977.5 |
               +--------+--------+--------+--------+--------+-----+--------+

Top non-repeatable levels by time:
     D:1: 1743 daAuts
     D:2: 211 daAuts
